cohdb
Replays
Latest Replays
All Replays
Popular Replays
Top Player Replays
Match Explorer
How It Works
Community
CoH3 Stats
Reddit
Sign in to upload your games and track your stats! →
Sign in with Steam
Match 45368477
Unlisted
Match 45368477
Overview
Messages
Build Orders
End
Panzergrenadier Squad
Selects Armored Support Battlegroup
Kradschützen Motorcycle Team
Panzergrenadier Squad
Construct Light Support Kompanie
2.5-tonne Medical Truck
Selects Salvage Kits
Forward Retreat Point
Fire Support Elements
MG34 Team
MG34 Team
Panzerpioneer Squad
Selects Panzer Storm
Construct Mechanized Kompanie
Forward Retreat Point
StuG III D Assault Gun
Tungsten Core Ammunition
Construct Panzerarmee Kommand
Flak 36 Anti-tank Gun Team
Selects Stuka Dive Bomb
Veteran Squad Leaders
Vehicle Survival Package
Armored Reserves
Walking Stuka Rocket Launcher
Panzer Storm
Selects Superior Fire Drills
Stuka Dive Bomb
Tiger Heavy Tank
Panzerpioneer Squad
Stuka Dive Bomb
Panzer IV Assault Group
SemperLooney
zmy 过来茵
EtriusKlar
1901090024
TeamSpeakUser
LITTLE TRICKSTER
GAF_Thom_Yorke
jway22
0
0
Comments
sign in to comment!
No comments posted yet!